 Dungeon Crawl Stone Soup version 0.22.1-2-g9c5b331 (webtiles) character file.

4373 Anon1729 the Cleaver (level 10, -5/91 HPs)
             Began as a Hill Orc Monk on Nov 14, 2018.
             Was a High Priest of Beogh.
             Killed from afar by an orc warrior (35 damage)
             ... with an exploding inner flame
             ... hexed by the player character
             ... on level 10 of the Dungeon.
             The game lasted 00:33:26 (10449 turns).

Anon1729 the Cleaver (Hill Orc Monk)               Turns: 10449, Time: 00:33:26

Health: -5/91      AC: 15    Str: 18    XL:     10   Next: 34%
Magic:  15/15      EV:  4    Int: 10    God:    Beogh [*****.]
Gold:   1425       SH: 11    Dex: 13    Spells: 9/9 levels left

rFire    . . .     SeeInvis .   A - +3 hand axe
rCold    . . .     Gourm    .   t - +4 shield of the Morning Star {rElec rPois Stlth-}
rNeg     . . .     Faith    .   B - +0 plate armour
rPois    +         Spirit   .   (no helmet)
rElec    +         Reflect  .   (no cloak)
rCorr    .         Harm     .   (no gloves)
MR       .....                  s - +0 pair of boots
Stlth    ..........             (no amulet)
HPRegen  0.25/turn              n - ring of wizardry
MPRegen  0.14/turn              (no ring)

@: no status effects
A: walk on water
a: Smiting, Recall Orcish Followers, Give Item to Named Follower, Renounce
Religion


You were on level 10 of the Dungeon.
You worshipped Beogh.
Beogh was extremely pleased with you.
You were very hungry.

You visited 1 branch of the dungeon, and saw 10 of its levels.
You also visited: Ossuary and Bailey.

You collected 1425 gold pieces.

Inventory:

Hand Weapons
 a - a +0 quarterstaff of protection
 f - a +2 dagger of venom
 h - a +1 dagger of freezing
 i - a +0 broad axe
 A - a +3 hand axe (weapon)
 I - a +1 antimagic dagger
 L - a +2 quarterstaff of protection
 P - the +7 dagger "Hikiug" {drain, *Drain +Inv Dex+2, unknown}
   (You found it on level 9 of the Dungeon)

   A truly terrible weapon, it drains the life of those it strikes.
   It affects your dexterity (+2).
   It lets you turn invisible.
   It causes draining when unequipped.
Armour
 b - a +0 robe
 m - a +0 chain mail
 q - a +0 scale mail
 s - a +0 pair of boots (worn)
 t - the +4 shield of the Morning Star (worn) {rElec rPois Stlth-}
   (You found it on level 8 of the Dungeon)

   It insulates you from electricity.
   It protects you from poison.
   It makes you less stealthy.
 B - a +0 plate armour (worn)
Jewellery
 n - a ring of wizardry (left hand)
Wands
 o - a wand of digging (33)
 D - a wand of disintegration (4)
Scrolls
 g - 5 scrolls of teleportation
 j - a scroll of identify
 l - 3 scrolls of magic mapping
 r - 5 scrolls of immolation
 v - 4 scrolls of fear
 x - 5 scrolls of remove curse
 y - 4 scrolls of amnesia
 E - a scroll of enchant weapon {unknown}
 G - 2 scrolls of vulnerability
 N - a scroll of enchant armour {unknown}
 O - a scroll of random uselessness {unknown}
Potions
 d - a potion of ambrosia {unknown}
 e - 4 potions of lignification
 k - 4 potions of haste
 p - 3 potions of curing
 u - 2 potions of mutation {unknown}
 w - 2 potions of flight {unknown}
 z - 3 potions of heal wounds
 C - 2 potions of agility {unknown}
 F - a potion of might {unknown}
 H - a potion of brilliance {unknown}
 K - a potion of invisibility {unknown}
Comestibles
 c - 19 rations


   Skills:
 + Level 9.5 Fighting
 + Level 10.3 Axes
 + Level 8.0 Armour
 - Level 2.4 Dodging
 - Level 1.5 Stealth
 + Level 6.7 Invocations
 + Level 5.1 Evocations


You had 9 spell levels left.
You didn't know any spells.
Your spell library contained the following spells:

 Spells                   Type           Power        Failure   Level  Hunger
 Confusing Touch          Hex            #.....       100%        1    ##.....
 Confuse                  Hex            #.......     100%        3    ####...
 Gell's Gravitas          Tloc           #.........   100%        3    ####...
 Petrify                  Tmut/Erth      #.......     100%        4    #####..
 Metabolic Englaciation   Hex/Ice        #.........   100%        5    ######.
 Yara's Violent Unravell  Hex/Tmut       #.........   100%        5    ######.


Dungeon Overview and Level Annotations

Branches:
Dungeon (10/15)            Temple (0/1) D:7             Orc (0/2) D:10
   Lair: D:8-11

Altars:
Makhleb
Ru
Xom

Annotations:
D:2 1 runed door


Message History

The fiery explosion engulfs the orc zombie.
The orc zombie explodes!
The fiery explosion engulfs the troll zombie.
The troll zombie is severely damaged.
The fiery explosion engulfs the ogre zombie.
The ogre zombie is almost destroyed.
The fiery explosion engulfs the hungry ghost.
The hungry ghost explodes!
The fiery explosion engulfs the orc priest.
The orc priest explodes!
The fiery explosion engulfs the troll zombie.
The troll zombie explodes!
Beogh accepts your kill.
The fiery explosion engulfs the orc zombie.
The orc zombie explodes!
The fiery explosion engulfs your orc warrior.
Your orc warrior explodes!
The fiery explosion engulfs you!
You die...
Beogh appreciates your orc warrior's killing of a heretic priest.

## .# ... ##.# ....
#.. ....######.#
.8......##.###
........#.§§§#
......§§#§§§§######
......§§§§§§§#oooo+
.>....§8§§§§§@o#
......§§§§§ZZ###
......§Z#§§W.#
...|..Z.###.####
.8......# #...o#
....##########)###
#+##.#####.oo.o.....#
.... #............#
...# ###.#.†.$......#


You could see a phantom (inner flame), an orc zombie (inner flame), 2 ogre
zombies, the friendly Bogbrand the orc knight (inner flame), a friendly orc
warrior (inner flame), a friendly orc wizard (inner flame) and 2 friendly orcs.

Vanquished Creatures
  A two-headed ogre (D:8)
  A yak (D:7)
  2 hogs (D:7)
  2 ice beasts
  An orc warrior (Bailey)
  2 sky beasts
  2 centaurs
  3 big kobolds (D:7)
  A bullfrog (D:6)
  2 troll zombies (D:10)
  2 wights (D:9)
  A crimson imp (D:2)
  4 hounds
  2 jellies
  An orc priest (D:8)
  An iguana (D:5)
  2 bullfrog skeletons (D:4)
  2 orc wizards (D:8)
  3 worker ants
  10 big kobold zombies (Ossuary)
  2 ogre zombies (D:10)
  A mummy (Ossuary)
  4 gnolls (D:3)
  11 adders
  A shadow imp (D:6)
  3 oozes
  3 worms
  3 dart slugs
  7 leopard geckos
  5 orcs
  A spectral bat (Ossuary)
  A ball python (D:4)
  7 bats
  3 giant cockroaches
  5 hobgoblins
  6 jackals
  19 kobolds
  2 quokkas
  2 bat simulacra (Ossuary)
  6 frilled lizards
  2 gnoll zombies (Ossuary)
  8 goblins
  5 goblin simulacra (Ossuary)
  A goblin skeleton (D:10)
  5 goblin zombies (Ossuary)
  A hobgoblin skeleton (D:10)
  7 hobgoblin zombies
  2 kobold simulacra (Ossuary)
  2 kobold zombies (Ossuary)
  13 orc zombies
  A quokka zombie (D:7)
  2 rats
  4 rat simulacra (Ossuary)
  2 spectral goblins (Ossuary)
  5 spectral kobolds (Ossuary)
  4 spectral rats (Ossuary)
201 creatures vanquished.

Vanquished Creatures (collateral kills)
  A centaur skeleton (D:10)
  A hippogriff (D:8)
  A human (D:7)
  A hog (D:7)
  Edmund (D:5)
  An orc warrior (Bailey)
  An ice beast (D:8)
  An eye of draining (D:8)
  A necrophage (D:8)
  A sky beast (D:10)
  An ogre (D:9)
  A phantom (D:9)
  2 bullfrogs
  A scorpion (D:7)
  A wight (D:9)
  2 hounds
  2 crimson imps
  An orc priest (D:9)
  2 orc wizards (D:7)
  An iguana (D:9)
  2 worker ants
  2 hound skeletons
  A worker ant zombie (D:5)
  2 adders (D:8)
  A leopard gecko (D:6)
  7 orcs
  A ball python (D:5)
  A giant cockroach (D:7)
  A hobgoblin (Bailey)
  A frilled lizard (D:5)
  A hobgoblin skeleton (D:10)
  7 kobolds (D:7)
  A leopard gecko skeleton (D:5)
  An orc skeleton (D:10)
  An orc zombie (D:10)
54 creatures vanquished.

Vanquished Creatures (others)
  9 orcs
9 creatures vanquished.

Grand Total: 264 creatures vanquished

Notes
Turn   | Place    | Note
-------+----------+-------------------------------------------
     0 | D:1      | Anon1729 the Hill Orc Monk began the quest for the Orb.
     0 | D:1      | Reached XP level 1. HP: 19/19 MP: 1/1
    38 | D:1      | Reached XP level 2. HP: 10/27 MP: 2/2
   320 | D:1      | Reached skill level 1 in Armour
   600 | D:1      | Reached XP level 3. HP: 30/33 MP: 3/3
  1657 | D:2      | Reached skill level 5 in Axes
  1657 | D:2      | Reached XP level 4. HP: 28/41 MP: 4/4
  1985 | D:2      | Found a runed door.
  2218 | D:3      | Reached XP level 5. HP: 31/47 MP: 5/5
  2409 | D:3      | Became a worshipper of Beogh the Brigand
  2409 | D:3      | Reached * piety under Beogh
  2409 | D:3      | Reached ** piety under Beogh
  2555 | D:3      | Reached skill level 5 in Fighting
  3297 | D:4      | Reached skill level 6 in Axes
  3297 | D:4      | Reached XP level 6. HP: 49/56 MP: 6/6
  3680 | D:5      | Entered Level 5 of the Dungeon
  3694 | D:5      | Reached XP level 7. HP: 46/63 MP: 3/7
  3734 | D:5      | Found a sand-covered staircase.
  3874 | Ossuary  | Entered an ossuary
  4014 | Ossuary  | Reached skill level 7 in Axes
  4037 | Ossuary  | Reached *** piety under Beogh
  4236 | Ossuary  | Reached skill level 5 in Armour
  4633 | D:5      | Reached XP level 8. HP: 66/71 MP: 8/8
  4993 | D:5      | Noticed Edmund
  5003 | D:5      | Killed Edmund
  5003 | D:5      | Reached skill level 8 in Axes
  5003 | D:5      | Reached skill level 1 in Invocations
  5277 | D:6      | Reached skill level 1 in Evocations
  6123 | D:6      | Gained Bogbrand as an ally
  6405 | D:7      | Found a staircase to the Ecumenical Temple.
  6443 | D:7      | Reached **** piety under Beogh
  7028 | D:7      | Noticed a yak
  7051 | D:7      | Reached XP level 9. HP: 49/81 MP: 11/11
  7071 | D:7      | Reached skill level 9 in Axes
  7497 | D:7      | Gained Learuk as an ally
  7939 | D:8      | Found a flagged portal.
  7996 | Bailey   | Entered a bailey
  8157 | Bailey   | Found a bloodstained altar of Trog.
  8279 | D:8      | Reached skill level 5 in Invocations
  8368 | D:8      | Got a faintly glowing shield
  8374 | D:8      | Identified the +4 shield of the Morning Star {rElec rPois
                  | Stlth-} (You found it on level 8 of the Dungeon)
  8621 | D:8      | Noticed a two-headed ogre
  8632 | D:8      | Killed a two-headed ogre
  8632 | D:8      | Reached skill level 10 in Axes
  8632 | D:8      | Reached XP level 10. HP: 27/91 MP: 14/14
  9015 | D:8      | Found a shimmering altar of Xom.
  9015 | D:8      | Noticed a sea snake
  9017 | D:8      | Found a shimmering altar of Xom.
  9017 | D:8      | Found a shimmering altar of Xom.
  9017 | D:8      | Noticed a deep troll
  9018 | D:8      | Found a shimmering altar of Xom.
  9018 | D:8      | Found a shimmering altar of Xom.
  9019 | D:8      | Found a shimmering altar of Xom.
  9023 | D:8      | Found a shimmering altar of Xom.
  9126 | D:8      | Noticed a cyclops
  9325 | D:8      | Found a burning altar of Makhleb.
  9463 | D:9      | Found a sacrificial altar of Ru.
  9760 | D:9      | Got a shimmering dagger
 10152 | D:9      | Reached ***** piety under Beogh
 10367 | D:10     | Entered Level 10 of the Dungeon
 10400 | D:10     | Reached skill level 5 in Evocations
 10423 | D:10     | Found a staircase to the Orcish Mines.
 10449 | D:10     | Killed from afar by an orc warrior

Skill      XL: |  1  2  3  4  5  6  7  8  9 10 |
---------------+-------------------------------+-----
Armour         | 1 2 3 4 5 6 7 8 |  8.0
Fighting       | 4 5 6 8 9 |  9.5
Axes           | 5 6 7 8 10 | 10.3
Invocations    | 3 6 |  6.7
Evocations     | 2 4 5 |  5.1
Dodging        | |  2.4
Stealth        | |  1.5

Action                   |  1- 3 |  4- 6 |  7- 9 | 10-12 || total
-------------------------+-------+-------+-------+-------++-------
Melee: Hand axe          |    81 |    55 |   489 |   118 ||   743
       Dagger            |    68 |    84 |       |       ||   152
       War axe           |       |       |    11 |       ||    11
Throw: Tomahawk          |       |       |    16 |       ||    16
Invok: Convert to Beogh  |       |     1 |       |       ||     1
       Smiting           |       |     1 |     3 |     1 ||     5
       Recall Orcish Fol |       |       |     1 |       ||     1
Evoke: Wand              |       |       |     9 |       ||     9
  Use: Scroll            |       |       |    12 |     1 ||    13
       Potion            |       |       |       |     1 ||     1
 Stab: Sleeping          |     1 |       |       |       ||     1
  Eat: Chunk             |     2 |     7 |     7 |     5 ||    21
       Ration            |       |       |     3 |       ||     3
Armor: Robe              |    19 |       |       |       ||    19
       Chain mail        |    31 |    75 |   254 |       ||   360
       Plate armour      |       |       |    14 |    72 ||    86
       Scale mail        |       |       |     3 |       ||     3
Dodge: Dodged            |    78 |    39 |   219 |    17 ||   353
Block: Shield            |       |       |    12 |    61 ||    73
